 Dungeon Crawl Stone Soup version 0.31-a0-536-ga3e2962e35 (webtiles) character file.

Game seed: 1678468545833311976

5443 AIAndy the Mimic (level 10, -5/68 HPs)
             Began as an Octopode Shapeshifter on Aug 13, 2023.
             Was a Follower of Nemelex Xobeh.
             Slain by a hornet (12 damage)
             ... on level 8 of the Dungeon.
             The game lasted 00:30:10 (6956 turns).

AIAndy the Mimic (Octopode Shapeshifter)            Turns: 6956, Time: 00:30:11

Health: -5/68      AC:  1    Str: 18    XL:     10   Next: 68%
Magic:  13/13      EV: 15    Int: 11    God:    Nemelex Xobeh [*.....]
Gold:   475        SH:  0    Dex: 15    Spells: 9/9 levels left

rFire   . . .        z - +6 shillelagh "Devastator" {shatter}
rCold   + + +        (no shield)
rNeg    . . .        (helmet currently unavailable)
rPois   .            (no amulet)
rElec   .            o - ring of Vuxiwoihie {Fly rC+++ Dex+2 SInv}
rCorr   .            (no ring)
SInv    +            (no ring)
Will    .....        (no ring)
Stlth   ++           (no ring)
HPRegen 0.31/turn    (no ring)
MPRegen 0.13/turn    (no ring)
                     (no ring)

%: no passive effects
@: lethally poisoned (-5 -> -7), beast-form, flying, slowed, very slow
A: beast (slay +4), almost no armour, amphibious, 8 rings, camouflage 1,
gelatinous body 1, (nimble swimmer 1), tentacles
a: Begin Untransformation, Renounce Religion, Draw Escape, Draw Destruction,
Draw Summoning


You were on level 8 of the Dungeon.
You worshipped Nemelex Xobeh.
Nemelex Xobeh was aware of your devotion.
You were a hulking beast.
You visited 2 branches of the dungeon, and saw 9 of its levels.
You also visited: Sewer.

You collected 475 gold pieces.


Innate Abilities, Weirdness & Mutations

You are a hulking beast.
Your limbs bulge with bestial killing power. (Slay +4)
You cannot wear most types of armour.
You are amphibious.
You can wear up to eight rings at the same time.
Your skin changes colour to match your surroundings (Stealth+).
Your rubbery body absorbs attacks. (AC +1, EV +1)
((You are camouflaged when in or above water. (Stealth+)))
You have tentacles for arms and can constrict up to eight enemies at once.


   Skills:
 + Level 5.6 Fighting
 - Level 7.3 Maces & Flails
 + Level 6.0 Dodging
 - Level 5.3 Unarmed Combat
 * Level 4.2 Invocations
 + Level 8.4 Shapeshifting


You had 9 spell levels left.
You didn't know any spells.
Your spell library contained the following spells:

 Spells                   Type           Power      Damage    Failure   Level
 Call Canine Familiar     Summ           0%         N/A       71%         3
 Inner Flame              Hex/Fire       0%         N/A       71%         3
 Portal Projectile        Hex/Tloc       0%         N/A       71%         3
 Volatile Blastmotes      Fire/Tloc      0%         2d10      71%         3
 Flame Wave               Conj/Fire      0%         2d4       98%         4
 Fulminant Prism          Conj/Hex       0%         3d5       98%         4
 Iskenderun's Mystic Bla  Conj/Tloc      0%         2d3       98%         4
 Leda's Liquefaction      Hex/Erth       0%         N/A       98%         4
 Sticky Flame             Conj/Fire      0%         2d3       98%         4

Inventory:

Hand Weapons
 z - the +6 shillelagh "Devastator" (weapon) {shatter}
   (You found it on level 3 of the Dungeon)
Missiles
 w - 30 poisoned darts (quivered)
 B - 4 curare-tipped darts {=f}
 I - a throwing net {=f}
Armour
 s - a +0 kite shield
Jewellery
 o - the ring of Vuxiwoihie (left tentacle) {Fly rC+++ Dex+2 SInv}
   (You found it on level 3 of the Dungeon)

   [ring of flight]

   Dex+2:     It affects your dexterity (+2).
   rC+++:     It renders you almost immune to cold.
   SInv:      It lets you see invisible.
   Fly:       It grants you flight.
 v - a ring of see invisible
Talismans
 b - a beast talisman (active)
 c - a flux talisman
Wands
 t - a wand of iceblast (22)
 D - a wand of quicksilver (13)
 E - a wand of flame (15)
Scrolls
 d - a scroll of butterflies {unknown}
 e - 3 scrolls of immolation {!r}
 f - 2 scrolls of fog
 h - a scroll of enchant weapon {unknown}
 i - a scroll of silence {unknown}
 j - 2 scrolls of noise {unknown}
 k - 2 scrolls of fear
 l - a scroll of poison {!r}
 m - 6 scrolls of revelation
 p - 3 scrolls of teleportation {@r4}
 u - 2 scrolls of blinking {unknown}
 x - 3 scrolls of vulnerability {unknown}
 y - 2 scrolls of amnesia {unknown}
Potions
 a - 4 potions of lignification {!q}
 g - a potion of mutation {!q}
 n - 2 potions of haste {@q3}
 q - 7 potions of enlightenment
 r - 4 potions of curing {@q1}
 A - a potion of invisibility
 C - 2 potions of heal wounds {@q2}
 F - 2 potions of resistance {unknown}
 G - a potion of brilliance
 H - a potion of magic

Dungeon Overview and Level Annotations

Branches:
Dungeon (8/15)             Temple (1/1) D:6            Lair (0/5) D:8
  Sewer (visited)

Altars:
Ashenzari
Cheibriados
Elyvilon
Fedhas
Gozag
Hepliaklqana
Kikubaaqudgha
Makhleb
Nemelex Xobeh
Okawaru
Qazlal
Ru
Sif Muna
Trog
Uskayaw
Vehumet
Wu Jian
Xom
Yredelemnul
Zin
The Shining One

Annotations:
D:3 1 runed translucent door, Crazy Yiuf
D:8 exclusion: two-headed ogre

####### #....##.##
......# #.##.##..###
......# ##..........#
......#
#########..▒.▒▒▒..#.#
.#'####
#.........▒▒▒▒ ▒▒...#
##.# #.........▒▒.⚑
▒▒..# ...#
#.......▒▒...⌠. ▒...
####
#########.▒▒▒.....
▒▒▒. ......yh..▒
...... ▒.. ####
#########.▒
▒▒).▒▒▒▒▒▒. ....
#.▒▒▒▒▒▒)▒▒▒.▒▒. ####
#.......)..g.... ....
#########.#.#.## ####
#.#.#... #.#.#.##
######O >.#g#.#
#####....... #.#.#.#


You could see a hornet.


Message History

You sock the hornet!
The hornet shudders.
The hornet is moderately wounded.
Your grab misses the hornet. You squeeze the hornet.
The hornet is heavily wounded.
The hornet closely misses you.
You thump the hornet!
The hornet shudders.
Your grab misses the hornet.
The hornet is severely wounded.
The hornet stings you!
You suddenly lose the ability to move!
The hornet stings you!
You are poisoned.
You feel yourself slow down.
You feel very sick. The hornet stings you.
You feel as though you will be slow longer.
You feel sick. The hornet stings you!
* * * LOW HITPOINT WARNING * * *
You feel as though you will be slow longer.
The hornet stings you!
* * * LOW HITPOINT WARNING * * *
You feel as though you will be slow longer.
You can move again.
You miss the hornet. Your grab misses the hornet.
The hornet is severely wounded.
You feel sick. The hornet completely misses you. The hornet closely misses you.
You sock the hornet!
The hornet shudders.
Your grab misses the hornet. Your squeeze misses the hornet.
The hornet is almost dead.
You feel sick. The hornet closely misses you. The hornet stings you!
You die...
Your body disappears without a glow.

Skill      XL: |  1  2  3  4  5  6  7  8  9 10 |
---------------+-------------------------------+-----
Unarmed Combat | 4 5 |  5.3
Shapeshifting  | 4 5 6 7 8 |  8.4
Maces & Flails | 2 4 5 7 |  7.3
Fighting       | 2 4 5 |  5.6
Dodging        | 5 6 |  6.0
Invocations    | 4 |  4.2

Action                     |  1- 3 |  4- 6 |  7- 9 | 10-12 || total
---------------------------+-------+-------+-------+-------++-------
  Melee: Unarmed           |    69 |   119 |       |       ||   188
         Constrict         |    17 |    38 |    22 |     7 ||    84
         Tentacles         |    16 |    24 |    22 |    10 ||    72
         Punch             |     1 |     5 |     6 |     2 ||    14
         Shillelagh        |       |    22 |   124 |    47 ||   193
  Throw: Dart              |       |     1 |       |       ||     1
    Use: Scroll            |       |     6 |     7 |       ||    13
         Potion            |       |       |       |     2 ||     2
   Stab: Sleeping          |     7 |    10 |     8 |     1 ||    26
         Distracted        |       |       |     1 |     1 ||     2
 Armour: Skin              |    12 |     8 |     7 |     1 ||    28
  Dodge: Dodged            |    46 |    77 |    75 |    32 ||   230

Levels and vault maps discovered:
D:1:      dpeg_arrival_simpleton_b, layout_loops_ring, minivault_24,
          st_stairs_10, kennysheep_nondescript
D:2:      layout_basic, chequers_hall_statues_y
D:3:      layout_rooms, cheibrodos_sewer_entry_drain, uniq_crazy_yiuf_cottage
D:4:      layout_loops_cross, uniq_robin
D:5:      layout_loops_ring, overflow_temple_1_default, uniq_sigmund,
          uniq_duvessa
D:6:      layout_loops_ring, minmay_temple_entry_proselytizer
D:7:      layout_rooms, mainiacjoe_overflow_alcove_1
D:8:      layout_basic, lair_entry_dummy, minmay_ruined_shrine, uniq_jeremiah
Temple:   compressed_dpeg_triangle_lava_temple

Notes
Turn   | Place    | Note
-------+----------+-------------------------------------------
     0 | D:1      | AIAndy the Octopode Shapeshifter began the quest for the
                  | Orb.
     0 | D:1      | Reached XP level 1. HP: 13/13 MP: 1/1
   155 | D:1      | Reached XP level 2. HP: 18/18 MP: 2/2
   443 | D:1      | Reached XP level 3. HP: 19/23 MP: 3/3
   974 | D:2      | Reached XP level 4. HP: 17/28 MP: 4/4
  1040 | D:2      | Reached skill level 4 in Unarmed Combat
  1582 | D:3      | Identified the ring of Vuxiwoihie {Fly rC+++ Dex+2 SInv}
  1660 | D:3      | Reached skill level 4 in Shapeshifting
  1714 | D:3      | Found a glowing drain.
  1736 | D:3      | Reached XP level 5. HP: 13/33 MP: 5/5
  1742 | Sewer    | Entered a sewer
  2013 | Sewer    | Reached skill level 5 in Unarmed Combat
  2013 | Sewer    | Reached XP level 6. HP: 34/38 MP: 6/6
  2399 | D:3      | Found the +6 shillelagh "Devastator" {shatter}
  2438 | D:3      | Found a runed translucent door.
  2439 | D:3      | Noticed Crazy Yiuf
  2555 | D:4      | Reached skill level 1 in Maces & Flails
  2658 | D:4      | Reached skill level 5 in Shapeshifting
  2663 | D:4      | Noticed Robin
  2665 | D:4      | Killed Robin
  2960 | D:4      | Reached skill level 2 in Maces & Flails
  2960 | D:4      | Reached XP level 7. HP: 36/43 MP: 7/7
  3260 | D:4      | Reached skill level 3 in Maces & Flails
  3382 | D:5      | Entered Level 5 of the Dungeon
  3505 | D:5      | Noticed Duvessa
  3507 | D:5      | Noticed Dowan
  3511 | D:5      | Killed Duvessa
  3512 | D:5      | Reached skill level 4 in Maces & Flails
  3512 | D:5      | Reached skill level 6 in Shapeshifting
  3512 | D:5      | Reached XP level 8. HP: 48/48 MP: 8/8
  3516 | D:5      | Killed Dowan
  3578 | D:5      | Noticed Sigmund
  3581 | D:5      | Killed Sigmund
  3675 | D:5      | Found a burning altar of Makhleb.
  3711 | D:5      | Reached skill level 5 in Maces & Flails
  4099 | D:5      | Reached skill level 7 in Shapeshifting
  4334 | D:6      | Reached skill level 2 in Fighting
  4334 | D:6      | Reached XP level 9. HP: 51/54 MP: 9/9
  4465 | D:6      | Reached skill level 6 in Maces & Flails
  4471 | D:6      | Reached skill level 3 in Dodging
  4730 | D:6      | Reached skill level 3 in Fighting
  5061 | D:6      | Reached skill level 4 in Dodging
  5174 | D:6      | Found a staircase to the Ecumenical Temple.
  5182 | Temple   | Entered the Ecumenical Temple
  5201 | Temple   | Became a worshipper of Nemelex Xobeh the Trickster
  5380 | D:7      | Found an ornate altar of the Wu Jian Council.
  5382 | D:7      | Noticed a troll
  5593 | D:7      | Reached skill level 4 in Fighting
  5593 | D:7      | Reached skill level 7 in Maces & Flails
  5780 | D:7      | Killed a troll
  5874 | D:7      | Reached skill level 5 in Dodging
  5874 | D:7      | Reached XP level 10. HP: 61/65 MP: 10/10
  6065 | D:8      | Noticed a two-headed ogre
  6118 | D:8      | Reached skill level 1 in Invocations
  6118 | D:8      | Reached skill level 8 in Shapeshifting
  6125 | D:8      | Noticed Jeremiah
  6129 | D:8      | Killed Jeremiah
  6130 | D:8      | Reached skill level 5 in Fighting
  6130 | D:8      | Reached skill level 2 in Invocations
  6350 | D:8      | Reached * piety under Nemelex Xobeh
  6590 | D:8      | Found a staircase to the Lair.
  6591 | D:8      | Found a blossoming altar of Fedhas.
  6596 | D:8      | Reached skill level 3 in Invocations
  6602 | D:8      | Reached skill level 6 in Dodging
  6602 | D:8      | Reached skill level 4 in Invocations
  6952 | D:8      | Paralysed by a hornet for 2 turns
  6956 | D:8      | Slain by a hornet

Vanquished Creatures
  Jeremiah (D:8)
  A meliai (shapeshifter) (D:8)
  A troll (D:7)
  Sigmund (D:5)
  A yak (D:8)
  2 steam dragons
  Duvessa (D:5)
  2 water moccasins (D:8)
  3 orc warriors (D:8)
  4 black bears
  An ice beast (D:8)
  6 sky beasts
  An ogre (D:4)
  3 centaurs
  4 phantoms
  2 kobold brigands
  A bullfrog (D:8)
  2 gnoll sergeants
  3 scorpions
  Dowan (D:5)
  5 killer bees (D:7)
  3 hounds
  2 jellies
  5 orc priests
  2 gnoll boudas (D:8)
  2 sleepcaps
  An iguana (D:4)
  2 orc wizards
  A sickly merfolk siren (Sewer)
  A malarious merfolk avatar (Sewer)
  Robin (D:4)
  16 gnolls
  9 adders
  2 river rats (Sewer)
  2 shadow imps
  A white imp (D:7)
  3 ufetubi
  3 worms
  5 dart slugs
  13 orcs
  7 endoplasms
  6 giant cockroaches
  20 goblins
  9 hobgoblins
  2 jackals (D:4)
  6 quokkas
  16 ball pythons
  4 bats
  8 frilled lizards
  20 kobolds
  26 rats
244 creatures vanquished.

Table legend: (Time is in decaauts)
 A = Elapsed time spent in this place.
 B = Non-inter-level travel time spent in this place.
 C = Inter-level travel time spent in this place.
 D = Time resting spent in this place.
 E = Time spent auto-exploring this place.
 F = Levels seen in this place.
 G = Mean time per level.
                   A        B        C        D        E       F      G
               +--------+--------+--------+--------+--------+-----+--------+
         Total |   6948 |   6689 |    259 |    196 |   4894 |  10 |  694.8 |
       Dungeon |   6478 |   6255 |    223 |    196 |   4694 |   8 |  809.8 |
        Temple |     38 |      2 |     36 |      0 |      0 |   1 |   38.0 |
         Sewer |    431 |    431 |      0 |      0 |    200 |   1 |  431.0 |
               +--------+--------+--------+--------+--------+-----+--------+

Top non-repeatable levels by time:
     D:6: 1182 daAuts
     D:5: 949 daAuts
     D:8: 933 daAuts
     D:1: 848 daAuts
     D:4: 749 daAuts
     D:2: 675 daAuts
     D:3: 671 daAuts
     D:7: 468 daAuts
   Sewer: 431 daAuts
  Temple: 38 daAuts

Table legend:
 A = Non-vault XP
 B = Vault XP
 C = Vault XP percentage of total XP
 D = Non-vault monster count
 E = Vault monster count
 F = Vault count percentage of total count
                 A         B        C        D         E       F
            +---------+---------+-------+---------+---------+-------
      Total |    5406 |    2371 |  30.5 |     177 |      67 |  27.5
            +---------+---------+-------+---------+---------+-------
        D:1 |      43 |       8 |  15.7 |      26 |       3 |  10.3
        D:2 |      77 |       0 |   0.0 |      24 |       0 |   0.0
        D:3 |     135 |       9 |   6.2 |      15 |       3 |  16.7
        D:4 |     506 |      37 |   6.8 |      24 |      12 |  33.3
        D:5 |     847 |     462 |  35.3 |      20 |       3 |  13.0
        D:6 |    1261 |      44 |   3.4 |      22 |       1 |   4.3
        D:7 |    1211 |       0 |   0.0 |      24 |       0 |   0.0
        D:8 |    1326 |    1660 |  55.6 |      22 |       9 |  29.0
      Sewer |       0 |     151 | 100.0 |       0 |      36 | 100.0
            +---------+---------+-------+---------+---------+-------
